Map: Dasan Station LE

Players

Gracz - Winner!

  • Race: Protoss Protoss
  • League: Silver

Borri

  • Race: Terran Terran
  • League: Bronze

VOD

Have the link to the VOD?

Description

Time

  • Played on: Oct. 1, 2016, 2:53 p.m.
  • Length: 3:54
Show
View Real Time Build Order
Export as new Build Order

Gracz Protoss - Winner!

Build Orders:  

Get SALT Encoding   

  12  0:01  Probe (Chrono Boost)  
  13  0:12  Probe (Chrono Boost)  
  14  0:18  Pylon  
  14  0:33  Pylon  
  14  0:56  Gateway  
  14  0:57  Gateway  
  14  1:02  Gateway  
  14  1:13  Probe (Chrono Boost)  
  14  1:14  Assimilator  
  15  1:24  Probe (Chrono Boost)  
  16  1:36  Probe (Chrono Boost)  
  17  1:47  Probe (Chrono Boost)  
  17  1:48  Cybernetics Core  
  18  1:58  Probe (Chrono Boost)  
  18  1:59  Assimilator  
  19  2:03  Pylon  
  20  2:08  Probe (Chrono Boost)  
  20  2:12  Zealot  
  22  2:19  Probe (Chrono Boost)  
  23  2:26  Stalker  
  25  2:31  Probe (Chrono Boost)  
  25  2:36  Stalker  
  28  2:47  Stalker  
  30  2:57  Stalker  
Show
View Real Time Build Order
Export as new Build Order

Borri Terran 

Build Orders:  

Get SALT Encoding   

  12  0:01  SCV  
  13  0:13  SCV  
  14  0:21  Supply Depot  
  14  0:25  SCV  
  15  0:43  SCV  
  16  0:51  Barracks  
  16  0:55  SCV  
  17  0:57  Refinery  
  17  1:11  SCV  
  18  1:23  SCV  
  19  1:40  Barracks Reactor  
  19  1:42  Orbital Command  
  19  1:44  Supply Depot  
  19  1:55  Command Center  
  19  2:20  Factory  
  19  2:25  Barracks  
  19  2:29  SCV  
  20  2:36  Supply Depot  
  20  2:39  Refinery  
  20  2:41  SCV  
  21  2:44  Marine  
  21  2:45  Marine  
  23  2:53  SCV  
  24  3:02  Marine  
  24  3:03  Marine  
  26  3:06  SCV  
  27  3:14  Starport  
  24  3:33  Bunker  
  23  3:35  Marine  
  23  3:36  Marine  
Tags
 
Add a new tag
Caveats
  • Supply blocks, unpowered buildings, or Contaminate may cause inaccurate times.
  • Supply counts are checked every 10 seconds.